 Dungeon Crawl Stone Soup version 0.23.2 (webtiles) character file.

Game seed: 3410028579244430948

2631 Ghalim the Fighter (level 9, -4/93 HPs)
             Began as a Gargoyle Fighter on June 8, 2019.
             Slain by Urug
             ... wielding a +0 antimagic double sword
              (12 damage)
             ... on level 10 of the Dungeon.
             The game lasted 00:16:09 (5160 turns).

Ghalim the Fighter (Gargoyle Fighter)               Turns: 5160, Time: 00:16:10

Health: -4/93      AC: 24    Str: 28    XL:     9   Next: 61%
Magic:  1/9        EV:  2    Int:  9    God:
Gold:   94         SH: 10    Dex:  9    Spells: 8/8 levels left

rFire    . . .     SeeInvis .   j - +3 mace (crush)
rCold    . . .     Gourm    .   c - +0 shield
rNeg     + + +     Faith    .   (armour currently unavailable)
rPois    ∞         Spirit   .   (helmet currently unavailable)
rElec    .         Reflect  .   (cloak currently unavailable)
rCorr    +         Harm     .   (gloves currently unavailable)
MR       .....     NoTele   +   (boots currently unavailable)
Stlth    +.........             (no amulet)
HPRegen  0.25/turn              e - ring of resist corrosion
MPRegen  0.11/turn              (no ring)

@: mighty, tree-form
A: negative energy resistance 1, petrification resistance, rot immunity, AC +6
a: no special abilities


You were on level 10 of the Dungeon.
You were not hungry.
You were a tree.
You visited 1 branch of the dungeon, and saw 8 of its levels.

You collected 366 gold pieces.
You spent 272 gold pieces at shops.

Inventory:

Hand Weapons
 j - a +3 mace of crushing (weapon)
Armour
 b - a +0 scale mail (melded)
 c - a +0 shield (worn)
 x - a +0 pair of gloves (melded)
 z - a scarf of repulsion (melded)
Jewellery
 e - a ring of resist corrosion (left branch)
 C - an uncursed amulet of regeneration {unknown}
 E - an uncursed ring of see invisible {unknown}
 G - an uncursed ring of protection from magic {unknown}
Wands
 F - a wand of iceblast (8)
Scrolls
 a - a scroll of magic mapping
 h - a scroll of blinking {unknown}
 i - 2 scrolls of amnesia
 l - a scroll of enchant weapon
 o - 6 scrolls of identify
 r - 4 scrolls of remove curse
 s - a scroll of random uselessness {unknown}
 u - 2 scrolls of teleportation
 v - a scroll of enchant armour {unknown}
 w - 2 scrolls of noise {unknown}
 y - a scroll of immolation {unknown}
 A - a scroll of torment {unknown}
 D - a scroll of brand weapon {unknown}
Potions
 g - a potion of brilliance
 k - a potion of berserk rage
 m - 2 potions of flight
 n - 2 potions of ambrosia
 p - 3 potions of lignification
 q - 3 potions of curing {unknown}
 t - a potion of degeneration {unknown}
Comestibles
 f - 11 rations
 B - 2 chunks of flesh


   Skills:
 + Level 10.0 Fighting
 + Level 9.6 Maces & Flails
 - Level 3.2 Armour
 - Level 3.2 Shields


You had 8 spell levels left.
You didn't know any spells.
Your spell library was empty.

Dungeon Overview and Level Annotations

Branches:
Dungeon (7/15)
 Temple: D:4-7

Altars:
Elyvilon

Shops:
D:4 =   D:6 [%**%

Annotations:
D:5 2 transporters
D:10 Urug


Innate Abilities, Weirdness & Mutations

You are resistant to torment.
((Your stone body is resilient. (AC +6)))
You are immune to poison.
You resist negative energy. (rN+)
((You are resistant to electric shocks. (rElec)))
((You can survive without breathing.))
You are immune to petrification.
You are immune to rotting.


Message History

You closely miss Urug.
Urug is heavily wounded.
Urug hits you with a +0 antimagic double sword.
* * * LOW HITPOINT WARNING * * *
You sock Urug!
Urug is almost dead.
You block Urug's attack.
You closely miss Urug.
Urug is almost dead.
Urug hits you but does no damage.
You hit Urug.
Urug is almost dead.
You barely miss Urug.
Urug is almost dead.
Urug howls with blood-lust.
You block Urug's attack.
You closely miss Urug.
Urug is almost dead.
Urug hits you with a +0 antimagic double sword!
You die...

.....##...## ##.##.##
........(...###..##.#
#.....#.#....#......#
........#......######
#.########.....#
.............#
#########....# !..
..# #.#### ###.# #.#
#♣# ...# #.###o#
#.###(.(#o# #
#..(o....(#
....####..(o.....#
........(.##.....#
..........##.....#.#.
...#......##.........
. #########..........


You could see Urug and an orc warrior.

Vanquished Creatures
  A hippogriff (D:10)
  A hungry ghost (D:7)
  A water moccasin (D:10)
  A phantom (D:5)
  2 ice beasts
  A black bear (D:6)
  A centaur (D:10)
  6 ogres
  A big kobold (D:7)
  3 bullfrogs
  A scorpion (D:3)
  2 howler monkeys
  A crimson imp (D:6)
  A hound (D:6)
  A bullfrog zombie (D:5)
  3 orc priests
  9 orc wizards
  4 iguanas
  6 worker ants
  A howler monkey skeleton (D:4)
  6 adders
  A shadow imp (D:5)
  2 oozes (D:7)
  An adder skeleton (D:4)
  A worm (D:2)
  6 dart slugs
  4 leopard geckos
  24 orcs
  3 ball pythons
  6 giant cockroaches
  7 goblins
  7 hobgoblins
  6 jackals
  13 kobolds
  3 quokkas
  6 bats
  10 frilled lizards
  A giant cockroach zombie (D:6)
  A jackal zombie (D:7)
  A quokka skeleton (D:5)
  11 rats
167 creatures vanquished.

Notes
Turn   | Place    | Note
-------+----------+-------------------------------------------
     0 | D:1      | Ghalim the Gargoyle Fighter began the quest for the Orb.
     0 | D:1      | Reached XP level 1. HP: 14/14 MP: 1/1
    74 | D:1      | Reached XP level 2. HP: 13/19 MP: 2/2
   282 | D:1      | Reached XP level 3. HP: 24/24 MP: 3/3
   895 | D:2      | Reached skill level 4 in Fighting
   938 | D:2      | Reached XP level 4. HP: 24/29 MP: 4/4
  1362 | D:3      | Noticed a bullfrog
  1933 | D:3      | Killed a bullfrog
  1933 | D:3      | Reached XP level 5. HP: 26/34 MP: 5/5
  1981 | D:3      | Reached skill level 5 in Maces & Flails
  1981 | D:3      | Reached XP level 6. HP: 14/40 MP: 6/6
  2400 | D:3      | Reached skill level 5 in Fighting
  2721 | D:4      | Found Mischusat's Jewellery Shop.
  2884 | D:4      | Reached XP level 7. HP: 45/45 MP: 7/7
  3130 | D:5      | Entered Level 5 of the Dungeon
  3229 | D:5      | Reached skill level 6 in Fighting
  3259 | D:5      | Found a transporter.
  3559 | D:5      | Found a transporter.
  3697 | D:6      | Found Sutet's Antique Armour Emporium.
  3703 | D:6      | Bought an embroidered scarf for 272 gold pieces
  3758 | D:6      | Reached skill level 7 in Fighting
  3758 | D:6      | Reached XP level 8. HP: 49/53 MP: 8/8
  3810 | D:6      | Found a white marble altar of Elyvilon.
  3812 | D:6      | Found Liepsaq's Food Emporium.
  3880 | D:6      | Reached skill level 8 in Fighting
  3966 | D:6      | Found Eserome's General Store.
  4030 | D:6      | Found Koplonem's Food Boutique.
  4149 | D:6      | Found Suruhain's General Store.
  4435 | D:7      | Reached XP level 9. HP: 59/60 MP: 9/9
  4445 | D:7      | Reached skill level 9 in Fighting
  5048 | D:7      | You fall through a shaft for 3 floors!
  5048 | D:10     | Entered Level 10 of the Dungeon
  5093 | D:10     | Reached skill level 10 in Fighting
  5123 | D:10     | Noticed Urug
  5160 | D:10     | Slain by Urug

Skill      XL: |  1  2  3  4  5  6  7  8  9 |
---------------+----------------------------+-----
Maces & Flails | 3 4 5 6 8 9 |  9.6
Fighting       | 4 5 7 8 10 | 10.0
Armour         | |  3.2
Shields        | |  3.2

Action                   |  1- 3 |  4- 6 |  7- 9 || total
-------------------------+-------+-------+-------++-------
Melee: Flail             |   163 |   109 |       ||   272
       Mace              |       |    44 |   341 ||   385
  Use: Potion            |       |     1 |     2 ||     3
       Scroll            |       |     4 |     5 ||     9
  Eat: Chunk             |       |     7 |     7 ||    14
       Ration            |       |       |     2 ||     2
Armor: Scale mail        |    67 |    88 |   171 ||   326
       Skin              |       |       |     1 ||     1
Dodge: Dodged            |    62 |    63 |    82 ||   207
       Deflected         |       |       |     5 ||     5
Block: Shield            |    90 |    71 |   138 ||   299
